[Event "44th Chess Olympiad Open 2022"]
[Site "Chennai"]
[Date "2022.07.31"]
[Round "3.53"]
[White "Ortega Amarelle, Mariano"]
[Black "Munoz Santana, Jose Lisandro"]
[Result "1/2-1/2"]
[WhiteElo "2463"]
[BlackElo "2423"]
[Annotator "RC"]
[PlyCount "44"]
[EventDate "2022.??.??"]
[TimeControl "60"]

1. d4 d5 2. c4 c6 3. Nf3 Nf6 4. Nc3 dxc4 5. a4 e6 6. e3 c5 7. Bxc4 Nc6 8. O-O cxd4 9. exd4 Be7 10. Qe2 O-O 11. Rd1 Nb4 12. Ne5 Nfd5 13. Bd2 Bd7 14. Qg4 Nf6 15. Qg3 Bc6 16. Bh6 Ne8 17. Rac1 Rc8 18. Bf4 Nf6 19. Bh6 Ne8 20. Bf4 Nf6 21. Bh6 Ne8 22. Bf4 Nf6 1/2-1/2

[Event "44th Chess Olympiad Open 2022"]
[Site "Chennai"]
[Date "2022.07.31"]
[Round "3.53"]
[White "Guzman, Christopher"]
[Black "Fortes, Aires"]
[Result "1-0"]
[WhiteElo "2243"]
[BlackElo "1508"]
[Annotator "RC"]
[PlyCount "43"]
[EventDate "2022.??.??"]
[TimeControl "60"]

1. e4 e5 2. Nf3 Nf6 3. Nc3 Nc6 4. d4 exd4 5. Nxd4 Bb4 6.
Nxc6 bxc6 7. Bd3 O-O 8. O-O d6 9. Na4 d5 10. e5 Ng4 11. f4 Qh4 12. h3 f5 13. c3 Ba5 14. Qf3 Nxe5 15. fxe5 Qxa4 16. Qg3 c5 17. Bh6 Rf7 18. Bxf5 Bxf5 19. Rxf5 Qd7 20. Raf1 Raf8 21. Qxg7+ Rxg7 22. Rxf8# 1-0

[Event "44th Chess Olympiad Open 2022"]
[Site "Chennai"]
[Date "2022.07.31"]
[Round "3.53"]
[White "Camacho Campusano, David Daniel"]
[Black "Mirulla, David"]
[Result "1-0"]
[WhiteElo "2221"]
[BlackElo "1953"]
[Annotator "RC"]
[PlyCount "95"]
[EventDate "2022.??.??"]
[TimeControl "60"]

1. e4 e5 2. Nf3 Nc6 3. Bb5 a6 4. Ba4 Nf6 5. Bxc6 dxc6 6. d3 Bg4 7. h3 Bxf3 8. Qxf3 Nd7 9. Nd2 g6 10. Nc4 Bg7 11. Bd2 Qe7 12. O-O c5 13.
a4 O-O 14. Ne3 Rad8 15. Nd5 Qd6 16. a5 f5 17. exf5 Rxf5 18.
Qe4 c6 19. Ne3 Rf4 20. Nc4 Rxe4 21. Nxd6 Rd4 22. Ne4 Rd5 23. Be3 Nf6 24. Nxc5 Bf8 25. Ne6 R8d7 26. Nxf8 Kxf8 27. Rfe1 Rb5 28. b4 Rbd5 29. Bc5+ Kg7 30. Re3 Rf7 31. Rae1 Nd7 32. c4 Rxc5 33. bxc5 Nxc5 34. Rd1 Kf6 35. d4 exd4 36. Rxd4 Kg7 37. Re5 Nd7 38. Re3 Nc5 39. Kf1 h6 40. Ke2 Nd7 41. f3 h5 42. Kd2 Nc5 43. Kc3 Nd7 44. Rde4 Nc5 45.
Re7 Nd7 46. Rxf7+ Kxf7 47. Kd4 Kf8 48. Rb3 1-0

[Event "44th Chess Olympiad Open 2022"]
[Site "Chennai"]
[Date "2022.07.31"]
[Round "3.53"]
[White "Teixeira, Gil"]
[Black "Arvelo Leo, Gian Carlo"]
[Result "0-1"]
[WhiteElo "1741"]
[BlackElo "2176"]
[Annotator "RC"]
[PlyCount "64"]
[EventDate "2022.??.??"]
[TimeControl "60"]

1. e4 c5 2. c3 Nf6 3. e5 Nd5 4. d4 cxd4 5. cxd4 e6 6. Bc4 d6 7. Bxd5 exd5 8.
Nf3 Nc6 9. exd6 Bxd6 10. O-O O-O 11. h3 Be6 12. Be3 Re8 13.
Nc3 f6 14. Re1 Rc8 15. a3 Na5 16. Qd3 Nc4 17. Bc1 Qd7 18. b3 Na5 19. Ne2 Bf5 20. Qd1 Bc2 21. Ne5 fxe5 22. Qd2 Nxb3 23. Qe3 exd4 24. Qf3 Nxa1 25. Qxd5+ Qe6 26. Qxd4 Nb3 27. Qb2 Nxc1 28.
Qxc1 Bd3 29. Qd2 Bxe2 30. Rxe2 Qxe2 31. Qxd6 Rc1+ 32. Kh2 Qe5+ 0-1

[Event "44th Chess Olympiad Open 2022"]
[Site "Chennai"]
[Date "2022.07.31"]
[Round "3.54"]
[White "Msellek, Ilyass"]
[Black "Husbands, Orlando"]
[Result "1-0"]
[WhiteElo "2398"]
[BlackElo "2353"]
[Annotator "RC"]
[PlyCount "117"]
[EventDate "2022.??.??"]
[TimeControl "60"]

1. e4 c5 2. Nf3 d6 3. Bb5+ Nd7 4. a4 Ngf6 5. Nc3 e6 6. O-O Be7 7. d4 cxd4 8. Qxd4 O-O 9. Rd1 a6 10. Bf1 Qc7 11. a5 Ne5 12. Nxe5 dxe5 13. Qc4 Qxc4 14. Bxc4 Bd7 15. Be3 Rac8 16. Bb3 Bc5 17. Bxc5 Rxc5 18. f3 Rfc8 19. Rd2 Kf8 20. Nd1 Ke7 21. Ne3 Be8 22. c4 Nd7 23. Ba4 Nb8 24. Bxe8 Rxe8 25. b4 Rcc8 26. Rad1 Red8 27. Rxd8 Rxd8 28. Rxd8 Kxd8 29. Kf2 Nc6 30. Nc2 Kc7 31. Ke3 f5 32. Kd3 Nb8 33. Kc3 Nc6 34. Ne1 Nd4 35. Nd3 Nc6 36. Nc5 Nd4 37. Nd3 Nc6 38. Kb3 g5 39. Nc5 Nd4+ 40. Kc3 h5 41. Nb3 Nxb3 42. Kxb3 Kd6 43. Kc3 f4 44. h3 Kc6 45. Kd3 Kc7 46. Ke2 Kc6 47. Kf2 Kc7 48.
g4 hxg4 49. fxg4 Kc6 50. Kf3 Kd6 51. c5+ Kd7 52. h4 gxh4 53.
g5 h3 54. g6 Ke7 55. g7 Kf7 56. b5 axb5 57. c6 bxc6 58. a6 Kxg7 59. a7 1-0

[Event "44th Chess Olympiad Open 2022"]
[Site "Chennai"]
[Date "2022.07.31"]
[Round "3.54"]
[White "Choukri, Adel"]
[Black "Parsons, Justin"]
[Result "1-0"]
[WhiteElo "2306"]
[BlackElo "1749"]
[Annotator "RC"]
[PlyCount "93"]
[EventDate "2022.??.??"]
[TimeControl "60"]

1. Nf3 d5 2. c4 e6 3. g3 Nf6 4. Bg2 Be7 5. b3 O-O 6. O-O b6 7. e3 Bb7 8. Qe2 c5 9. Bb2 Nbd7 10. d4 Qc7 11. cxd5 Nxd5 12. Rc1 Qb8 13. e4 Nb4 14. Nc3 cxd4 15. Nxd4 Nc5 16. Rd1 Rd8 17. a3 Nc6 18. Nd5 Bf8 19. Nxc6 Bxc6 20. Nf6+ gxf6 21. Bxf6 Rxd1+ 22. Rxd1 Bg7 23.
Qg4 Qf8 24. b4 Nd7 25. e5 Bxg2 26. Kxg2 Nxe5 27. Bxe5 Kh8 28. Bxg7+ Qxg7 29. Qf3 Rf8 30. b5 Qe5 31. a4 Kg7 32. Rd7 Qb8 33. Rb7 Qd8 34. Rxa7 Qd4 35. Qc6 Qd5+ 36. Qxd5 exd5 37. Kf3 Kf6 38. Rb7 Rc8 39. Ke3 Ke5 40. f4+ Ke6 41. Rxb6+ Ke7 42. a5 Rc4 43. a6 Ra4 44. Rb7+ Ke6 45. a7 Kd6 46. Rb6+ Kc5 47. Ra6 1-0

[Event "44th Chess Olympiad Open 2022"]
[Site "Chennai"]
[Date "2022.07.31"]
[Round "3.54"]
[White "Blackman, Justin"]
[Black "Tissir, Mohamed"]
[Result "1/2-1/2"]
[WhiteElo "2195"]
[BlackElo "2366"]
[Annotator "RC"]
[PlyCount "143"]
[EventDate "2022.??.??"]
[TimeControl "60"]

1. d4 Nf6 2. Nf3 g6 3. Bf4 Bg7 4. e3 O-O 5. c4 d6 6. Nc3 c5 7. Be2 Qb6 8. Qd2 Bf5 9. O-O Nc6 10. dxc5 dxc5 11. Na4 Qb4 12. Qxb4 cxb4 13. a3 bxa3 14. Rxa3 Ne4 15. h3 Rad8 16. Rc1 e5 17. Bh2 Rfe8 18. Raa1 Nd2 19. Nxd2 Rxd2 20. Kf1 Red8 21. Rd1 Bc2 22. Rxd2 Rxd2 23. Ke1 Rd8 24. Nc3 e4 25. c5 Bf8 26. Bd1 Bd3 27. Rc1 Bxc5 28. Nxe4 Bb4+ 29. Nc3 Ba6 30. Be2 Bxe2 31. Kxe2 f5 32. g4 Kf7 33. Bf4 Ke6 34. gxf5+ gxf5 35. Rg1 Bxc3 36. bxc3 Rd7 37. Rg8 a5 38. c4 Kf7 39. Rh8 Ke6 40. Re8+ Kf7 41. Rh8 Kg7 42. Rc8 Kf6 43. Rf8+ Ke6 44. Re8+ Re7 45. Rf8 Rg7 46. Bg3 Rd7 47. Bh4 Rf7 48. Re8+ Kd6 49. Kd3 Kc5 50. Kc3 a4 51. f4 b5 52. cxb5 Kxb5 53. e4 fxe4 54. Rxe4 a3 55. Kb3 Ra7 56. Bf6 Na5+ 57. Ka2 Nc4 58. Re7 Ra6 59. Rb7+ Kc6 60. Rxh7 Kd5 61. Bc3 Rg6 62. Rd7+ Kc5 63. f5 Rg3 64. Kb3 Na5+ 65. Kc2 a2 66. Rd1 Rg2+ 67. Kd3 Rg3+ 68. Kc2 Rg2+ 69. Kd3 Rg3+ 70. Kc2 Rg2+ 71. Kd3 Nb3 72. Ke4 1/2-1/2

[Event "44th Chess Olympiad Open 2022"]
[Site "Chennai"]
[Date "2022.07.31"]
[Round "3.54"]
[White "Roachford, Adam"]
[Black "Hadj Kholti, Yasser"]
[Result "0-1"]
[WhiteElo "1443"]
[BlackElo "1871"]
[Annotator "NA"]
[PlyCount "114"]
[EventDate "2022.??.??"]
[TimeControl "60"]

1. e4 c5 2. Nf3 Nc6 3. Nc3 Nf6 4. d4 cxd4 5. Nxd4 e5 6. Nf3 d6 7. Bc4 Be6 8. Bb3 Be7 9. O-O O-O 10. Re1 h6 11. h3 Qd7 12. Be3 Rfd8 13.
Qe2 Na5 14. Rad1 Nxb3 15. axb3 Qc6 16. Bc1 a6 17. Nh4 d5 18. Nxd5 Nxd5 19. exd5 Rxd5 20. Rxd5 Qxd5 21. Rd1 Qc6 22. Nf3 f6 23. Be3 Rc8 24. Rd2 a5 25. Ne1 Bb4 26. c3 Be7 27. Qd1 Qe8 28.
f4 e4 29. Bd4 Qb5 30. c4 Qc6 31. Nc2 b5 32. Ne3 bxc4 33. bxc4 a4 34. Rc2 Rd8 35. Rd2 Bb4 36. Bc3 Rxd2 37. Qxd2 Bc5 38. Bd4 Bd6 39. c5 Bxf4 40. Qb4 Qd7 41. Kf2 Bc7 42. Bc3 f5 43. g3 h5 44. h4 Qf7 45.
Qxa4 Qg6 46. Nf1 f4 47. gxf4 Bxf4 48. Qd4 Bh6 49. Qe5 Qg4 50. Qg3 e3+ 51. Ke1 Qe4 52. Qb8+ Kh7 53. Qb4 Qb1+ 54. Ke2 Bg4+ 55. Qxg4 hxg4 56. Nxe3 Qe4 57. Bd2 g3 0-1

[Event "44th Chess Olympiad Open 2022"]
[Site "Chennai"]
[Date "2022.07.31"]
[Round "3.55"]
[White "Chinchilla Miranda, Eugenio"]
[Black "Coulibaly, Abdoulaye"]
[Result "1-0"]
[WhiteElo "2206"]
[BlackElo "1936"]
[Annotator "ChessBase"]
[PlyCount "117"]
[EventDate "2022.??.??"]
[TimeControl "60"]

1. d4 d5 2. c4 c6 3. Nf3 Nf6 4. Qc2 Bg4 5. Ne5 Bh5 6. cxd5 Qxd5 7. e3 e6 8. Nc3 Bb4 9. Bd2 Bxc3 10. bxc3 Nbd7 11. Nxd7 Qxd7 12. f3 O-O 13. Be2 Nd5 14. e4 Bg6 15. Qb3 Nb6 16. a4 f5 17. a5 Nc8 18. e5 Ne7 19. f4 Rab8 20. O-O Kh8 21. Bc1 Rg8 22. Ba3 b5 23. axb6 Rxb6 24. Qc4 Nd5 25. Bc5 Rb7 26. Qd3 Rgb8 27. Ra3 Qf7 28. c4 Nb6 29. Bd6 Ra8 30. Bf3 Qd7 31. Ra6 Be8 32. Rb1 Qc8 33. Qb3 Rab8 34. Bxb8 Rxb8 35. Rxa7 Nd7 36. Rb7 Ra8 37. h3 h6 38. Kh2 Kh7 39. Qb4 c5 40. dxc5 Nxc5 41. Re7 Ra4 42. Rxe8 Qxe8 43. Qxc5 Ra2 44. Rb7 h5 45. Qe7 Qg6 46. Qh4 Kh6 47. Rb8 Kh7 48. Qxh5+ Qxh5 49. Bxh5 Rc2 50. Rc8 g6 51. Bf3 Kg7 52. c5 Rc4 53. Kg3 g5 54. fxg5 Kg6 55. c6 Kxg5 56. c7 f4+ 57. Kh2 Kf5 58. Rf8+ Kxe5 59. c8=Q 1-0

[Event "44th Chess Olympiad Open 2022"]
[Site "Chennai"]
[Date "2022.07.31"]
[Round "3.55"]
[White "Cabezas Solano, David Alejandro"]
[Black "Diarra, Sirike"]
[Result "1-0"]
[WhiteElo "2196"]
[BlackElo "1641"]
[Annotator "ChessBase"]
[PlyCount "77"]
[EventDate "2022.??.??"]
[TimeControl "60"]

1. d4 d5 2. Nf3 Nf6 3. g3 e6 4. Bg2 Be7 5. O-O O-O 6. c4 c6 7. Qc2 Nbd7 8. Nbd2 b6 9. e4 Bb7 10. e5 Ne8 11. cxd5 cxd5 12. Re1 Nc7 13.
h4 Rc8 14. Qb1 h6 15. Nf1 Bb4 16. Rd1 f5 17. exf6 Qxf6 18. Ne3 Nb5 19. Qd3 Ba6 20. Qb3 Bd6 21. Qa4 Nb8 22. Re1 Nc7 23. Ng4 Qf5 24. Nge5 Bxe5 25. Rxe5 Qg4 26. Bf4 Bd3 27. Rae1 b5 28. Qa3 Bh7 29. h5 Bf5 30. Nh2 Qxh5 31. g4 Qh4 32. Bg3 Qg5 33. gxf5 Nc6 34. Nf3 Qg4 35. R5e2 Rxf5 36. Rc1 b4 37. Qe3 e5 38. Rxc6 e4 39. Nh2 1-0

[Event "44th Chess Olympiad Open 2022"]
[Site "Chennai"]
[Date "2022.07.31"]
[Round "3.55"]
[White "Traore, Bakary"]
[Black "Arias Santana, Mauricio"]
[Result "0-1"]
[WhiteElo "2181"]
[BlackElo "2318"]
[Annotator "RC"]
[PlyCount "132"]
[EventDate "2022.??.??"]
[TimeControl "60"]

1. e4 e5 2. Nf3 Nc6 3. Bb5 a6 4. Ba4 Nf6 5. O-O b5 6. Bb3 Bc5 7. c3 d6 8. d4 Bb6 9. dxe5 Nxe5 10. Nxe5 dxe5 11. Qxd8+ Kxd8 12. Bg5 Ke7 13. Nd2 h6 14. Bh4 g5 15. Bg3 Nd7 16. Bd5 Rb8 17. Rfd1 f6 18.
Kf1 Nc5 19. f3 Nd3 20. Rab1 c5 21. c4 Nb4 22. Bf2 Nxd5 23. cxd5 Bd7 24. Nb3 Kd6 25. Rbc1 Rhc8 26. Rc2 c4 27. Nd2 Ba5 28. Rdc1 f5 29. Be1 Bb6 30. Bf2 Bd4 31. Rd1 Rf8 32. Bg3 Rbc8 33. Ke2 h5 34. h3 Rf7 35. Nb1 Bc5 36. Nd2 Bd4 37. Nb1 Bb6 38. Nd2 Rg8 39. exf5 Bxf5 40. Ne4+ Bxe4 41. fxe4 h4 42. Be1 Rf4 43. Bb4+ Bc5 44. Bxc5+ Kxc5 45. Ke3 g4 46. d6 gxh3 47. Rd5+ Kc6 48. Rxe5 h2 49. Rc1 Rxg2 50. d7 Kxd7 51. Kxf4 Rg1 52. Rd5+ Ke6 53. Rdd1 h1=Q 54. Rxg1 Qh2+ 55. Ke3 Qxb2 56. Rg6+ Kf7 57. Rcg1 h3 58. Rxa6 h2 59. Rf1+ Ke7 60. Ra7+ Kd6 61. Rh7 Qa3+ 62. Kf4 Qxa2 63. Rd1+ Kc5 64. Rh5+ Kb4 65. Rh1 Qf2+ 66. Ke5 Qc5+ 0-1

[Event "44th Chess Olympiad Open 2022"]
[Site "Chennai"]
[Date "2022.07.31"]
[Round "3.55"]
[White "Maiga, Baba Moulaye Abdall"]
[Black "Chaves Sanchez, Gabriel A"]
[Result "0-1"]
[WhiteElo "1822"]
[BlackElo "2125"]
[Annotator "NA RC"]
[PlyCount "98"]
[EventDate "2022.??.??"]
[TimeControl "60"]

1. e4 c5 2. Nf3 e6 3. Nc3 a6 4. a4 Nc6 5. Bc4 Nf6 6. d3 d5 7. exd5 exd5 8.
Bb3 Be7 9. h3 O-O 10. O-O h6 11. Bf4 Be6 12. Ne5 Nd4 13. Ba2 Bd6 14. Ne2 Nc6 15. Nxc6 bxc6 16. Bxd6 Qxd6 17. Qd2 Rfe8 18. Rfe1 Bf5 19. Ng3 Bd7 20. Rxe8+ Rxe8 21. Re1 Rxe1+ 22. Qxe1 Qf4 23. a5 Qd4 24. Qc3 Qxc3 25. bxc3 Kf8 26. f4 Ke7 27. Kf2 Kd6 28. Kf3 g6 29. Bb3 Be6 30. Ke3 c4 31. Ba4 Nd7 32. dxc4 dxc4 33. Ne4+ Kd5 34. g4 f5 35. gxf5 Bxf5 36. Nf2 Nc5 37. Bxc6+ Kxc6 38. Kd4 Kb5 39. h4 h5 40. Nd1 Bxc2 41. Ne3 Bd3 42. Nd5 Nb3+ 43. Ke5 Nxa5 44. Kf6 Nc6 45. Nc7+ Kb6 46. Ne6 a5 47. Nf8 a4 48. Nxg6 Bxg6 49. Kxg6 a3 0-1

[Event "44th Chess Olympiad Open 2022"]
[Site "Chennai"]
[Date "2022.07.31"]
[Round "3.56"]
[White "Zaibi, Amir"]
[Black "Carpenter, Paul A"]
[Result "1-0"]
[WhiteElo "2398"]
[BlackElo "1938"]
[Annotator "RC"]
[PlyCount "33"]
[EventDate "2022.??.??"]
[TimeControl "60"]

1. e4 d6 2. d4 Nf6 3. Nc3 Nbd7 4. g4 h6 5. h3 e5 6. Bg2 c5 7. dxe5 dxe5 8. f4 Qc7 9. Nf3 a6 10. Qe2 b5 11. Nd5 Qb8 12. fxe5 Nxe5 13. Nxe5 Qxe5 14. Bf4 Qxb2 15. Nc7+ Ke7 16. Rd1 Qc3+ 17. Kf2 1-0

[Event "44th Chess Olympiad Open 2022"]
[Site "Chennai"]
[Date "2022.07.31"]
[Round "3.56"]
[White "Bouzidi, Ahmed"]
[Black "Belzo, Krzysztof"]
[Result "1/2-1/2"]
[WhiteElo "2148"]
[BlackElo "2080"]
[Annotator "RC"]
[PlyCount "114"]
[EventDate "2022.??.??"]
[TimeControl "60"]

1. e4 c5 2. c3 g6 3. d4 cxd4 4. cxd4 d5 5. e5 Nc6 6. h3 Bg7 7. Nc3 Nh6 8.
Bb5 O-O 9. Nf3 Nf5 10. Bf4 e6 11. Qd2 f6 12. Bxc6 bxc6 13. O-O Qa5 14. exf6 Bxf6 15. Ne4 Qxd2 16. Nxf6+ Rxf6 17. Bxd2 Ba6 18.
Rfe1 Re8 19. Rac1 Bb7 20. Bb4 h6 21. Bc5 a6 22. Rc3 g5 23.
Rb3 Rf7 24. Ne5 Rg7 25. Ng4 Rf7 26. Rxb7 Rxb7 27. Nf6+ Kf7 28. Nxe8 Kxe8 29. Rxe6+ Kf7 30. Rxc6 Rxb2 31.
Rxa6 Rb1+ 32. Kh2 Rb2 33. Kg1 Rb1+ 34. Kh2 Rb2 35. Ra7+ Kg6 36. g4 Ne3 37. Kg3 Nf1+ 38. Kf3 Nd2+ 39. Ke3 Nc4+ 40. Kf3 Nd2+ 41. Kg3 Ne4+ 42. Kg2 Rxf2+ 43. Kg1 Rc2 44. Bb6 Nd2 45. a4 Nf3+ 46. Kf1 Rd2 47. Bc7 Nxd4 48. Be5 h5 49. Ra6+ Kh7 50. gxh5 Nf3 51. Bg3 Nh2+ 52. Kg1 Nf3+ 53. Kh1 Ra2 54. a5 d4 55. Rd6 Rxa5 56. Kg2 Ra3 57. Bf2 Nh4+ 1/2-1/2

[Event "44th Chess Olympiad Open 2022"]
[Site "Chennai"]
[Date "2022.07.31"]
[Round "3.56"]
[White "Wojciechowski, Paul"]
[Black "Amdouni, Zoubaier"]
[Result "0-1"]
[WhiteElo "1944"]
[BlackElo "2224"]
[Annotator "RC"]
[PlyCount "80"]
[EventDate "2022.??.??"]
[TimeControl "60"]

1. e4 c5 2. Nf3 Nc6 3. d4 cxd4 4. Nxd4 g6 5. Nc3 Bg7 6. Be3 Nf6 7. Bc4 O-O 8. Bb3 Re8 9. f3 e6 10. Qd2 d5 11. O-O-O Nxd4 12. Bxd4 e5 13. Bf2 d4 14. Nd5 Nxd5 15. Bxd5 Be6 16. Bb3 Bxb3 17. cxb3 a5 18. Kb1 a4 19. b4 a3 20. b3 Qd6 21. Rc1 Rac8 22. Rxc8 Rxc8 23. Rc1 Rxc1+ 24. Kxc1 Qa6 25. Kc2 Qc6+ 26. Kd1 Qb5 27. Kc2 Bf8 28. Be1 Qf1 29. Bg3 Bd6 30. Bh4 Kg7 31. f4 Qa1 32. Kd3 exf4 33.
Kc4 Be5 34. Kd5 Qc3 35. Qxc3 dxc3 36. Be1 c2 37. Bd2 f6 38. Ke6 g5 39. Kd7 f3 40. gxf3 Bf4 0-1

[Event "44th Chess Olympiad Open 2022"]
[Site "Chennai"]
[Date "2022.07.31"]
[Round "3.56"]
[White "Gurner, Jem"]
[Black "Meddeb, Anis"]
[Result "1-0"]
[WhiteElo "1800"]
[BlackElo "2121"]
[Annotator "NA"]
[PlyCount "95"]
[EventDate "2022.??.??"]
[TimeControl "60"]

1. e4 c5 2. c3 Nf6 3. e5 Nd5 4. d4 cxd4 5. Nf3 e6 6. cxd4 d6 7. Bc4 Nc6 8. O-O dxe5 9. dxe5 Be7 10. Qe2 Nb6 11. Rd1 Qc7 12. Bd3 Nd7 13. Nc3 a6 14. Re1 h6 15. Bd2 Nc5 16. Bb1 b5 17. Ne4 Bb7 18. Nxc5 Bxc5 19. Be4 Nd8 20. Rac1 Qe7 21. Ba5 Bd5 22. b4 Bxb4 23. Rc7 Qf8 24. Bxb4 Qxb4 25. Bxd5 exd5 26. e6 fxe6 27. Rxg7 Qf4 28. Ne5 Qf5 29. Ng6 Qf6 30. Re7+ Qxe7 31. Nxe7 Kxe7 32. Qe5 Re8 33. Qxd5 Rc8 34. h3 Rc1 35. Qe4 Rxe1+ 36. Qxe1 Nc6 37. Qc1 Rc8 38. Qxh6 b4 39. Qg7+ Kd8 40. h4 Rc7 41. Qf6+ Kd7 42. h5 Kd6 43. Qf8+ Kd5 44. h6 a5 45. Qf3+ Kd6 46. h7 Rc8 47. Qg3+ Ne5 48. Qg8 1-0

[Event "44th Chess Olympiad Open 2022"]
[Site "Chennai"]
[Date "2022.07.31"]
[Round "3.57"]
[White "Kigigha, Bomo"]
[Black "Cheikhna, Mohamed Lemine"]
[Result "1-0"]
[WhiteElo "2251"]
[BlackElo "1899"]
[Annotator "RC"]
[PlyCount "43"]
[EventDate "2022.??.??"]
[TimeControl "60"]

1. c4 e5 2. g3 c6 3. Nf3 e4 4. Nd4 d5 5. cxd5 cxd5 6. Nc3 Nf6 7. Bg2 Nc6 8. Nxc6 bxc6 9. O-O Bd6 10. d3 exd3 11. Qxd3 O-O 12. e4 a5 13. Rd1 Bc5 14. exd5 Bxf2+ 15. Kxf2 Ng4+ 16. Kg1 Qb6+ 17. Qd4 Qxd4+ 18. Rxd4 cxd5 19. Nxd5 Rb8 20. h3 Nf6 21.
Nxf6+ gxf6 22. Bh6 1-0

[Event "44th Chess Olympiad Open 2022"]
[Site "Chennai"]
[Date "2022.07.31"]
[Round "3.57"]
[White "Boidiya, Sidi"]
[Black "Adebayo, Adegboyega"]
[Result "0-1"]
[WhiteElo "1997"]
[BlackElo "2313"]
[Annotator "RC"]
[PlyCount "78"]
[EventDate "2022.??.??"]
[TimeControl "60"]

1. e4 e6 2. d4 d5 3. Nd2 dxe4 4. Nxe4 Nd7 5. Nf3 Ngf6 6. Bd3 Nxe4 7. Bxe4 Nf6 8. Bd3 c5 9. O-O cxd4 10. Nxd4 Bc5 11. Nb3 Bd6 12. Bg5 Qc7 13. h3 h6 14. Be3 b6 15. Bb5+ Ke7 16. Qe2 a6 17. Bd3 Rd8 18. a4 Nd5 19. a5 Nxe3 20. fxe3 Bb7 21. Qh5 Rf8 22. Qg4 b5 23. Nd4 Bh2+ 24. Kf2 Be5 25. Ke2 Bf6 26. Rad1 Rad8 27. Be4 Bxd4 28. Bxb7 f5 29. Qh4+ g5 30. Qxh6 Rh8 31. Qxg5+ Bf6 32. Rxd8 Bxg5 33. Rxh8 Kf6 34. h4 Kg7 35. Re8 Kf7 36. Rh8 Kg7 37. Re8 Bxh4 38. Rxe6 Qc4+ 39. Kf3 Qxf1# 0-1

[Event "44th Chess Olympiad Open 2022"]
[Site "Chennai"]
[Date "2022.07.31"]
[Round "3.57"]
[White "Yahi, Mohamed Salem"]
[Black "Okeke Issac"]
[Result "0-1"]
[WhiteElo "1862"]
[BlackElo "2204"]
[Annotator "RC"]
[PlyCount "83"]
[EventDate "2022.??.??"]
[TimeControl "60"]

1. e4 c5 2. Nf3 d6 3. d4 cxd4 4. Nxd4 Nf6 5. Nc3 a6 6. a3 e5 7. Nf5 Bxf5 8. exf5 d5 9. Bg5 d4 10. Bxf6 Qxf6 11. Nd5 Qc6 12. Qf3 Nd7 13. f6 Nxf6 14. Nxf6+ gxf6 15. Qxc6+ bxc6 16. Bd3 h5 17. h4 a5 18. Rh3 Kd7 19. Rf3 e4 20. Rf4 exd3 21. Rxd4+ Kc7 22. Rxd3 Re8+ 23. Kf1 Bd6 24. g3 Be5 25. Rb1 Rd8 26. Re3 Rd2 27. c3 Rb8 28. b4 Rc2 29. f4 Rxc3 30. Rbe1 Rxe3 31. Rxe3 Bd6 32. bxa5 Ra8 33. Kg2 Kd7 34. Rb3 Rxa5 35. Rb7+ Bc7 36. Rb3 f5 37. Kf2 Bd6 38. Rb7+ Ke6 39. Kg2 Rxa3 40. Rb6 Ra2+ 41. Kh1 c5 42. Rc6 0-1

[Event "44th Chess Olympiad Open 2022"]
[Site "Chennai"]
[Date "2022.07.31"]
[Round "3.58"]
[White "Berend, Fred"]
[Black "Ayyad, Maher"]
[Result "1-0"]
[WhiteElo "2307"]
[BlackElo "2101"]
[Annotator "RC"]
[PlyCount "139"]
[EventDate "2022.??.??"]
[TimeControl "60"]

1. e4 c5 2. Nf3 e6 3. d3 d5 4. Qe2 Be7 5. g3 Nf6 6. Bg2 O-O 7. O-O Nc6 8. e5 Nd7 9. c4 f6 10. exf6 Nxf6 11. Bf4 Bd6 12. Bxd6 Qxd6 13. Nc3 a6 14. Rac1 Bd7 15. Rfe1 Rae8 16. Ne5 Nd4 17. Qd1 Bc8 18. f4 b5 19. Nb1 Nd7 20. Nf3 Nxf3+ 21. Qxf3 Nb6 22. b3 e5 23. Qh5 dxc4 24. dxc4 g6 25. Rcd1 Qf6 26. Qf3 exf4 27. Rxe8 Rxe8 28. cxb5 axb5 29. Nc3 Bg4 30. Ne4 Bxf3 31. Nxf6+ Kf7 32. Bxf3 Kxf6 33.
Bc6 Re3 34. gxf4 c4 35. Bxb5 cxb3 36. axb3 Kf5 37. Rd6 Kxf4 38. Rxb6 Rxb3 39. Rb7 Rb1+ 40. Kg2 Rb2+ 41. Kg1 Rb1+ 42. Kf2 Rb2+ 43. Kf1 Rb1+ 44. Ke2 Rb2+ 45. Kd3 Rxh2 46. Rf7+ Kg5 47. Bc6 h5 48. Be4 Kh6 49. Ke3 Rh4 50. Kf3 Rg4 51. Rf6 Kg7 52. Rb6 Kh6 53. Bd3 Kg7 54. Kf2 Kh6 55. Be2 Rg5 56. Rb7 Re5 57. Bd3 Rd5 58. Be4 Rg5 59. Kf3 Rg4 60. Rb6 Kg7 61. Bd5 Kh6 62. Rb7 Kg5 63. Be4 Rf4+ 64. Ke3 Rf6 65. Rb1 Kh6 66. Kd4 g5 67. Ke5 Ra6 68. Bd3 Ra5+ 69. Kf6 Ra3 70. Rb8 1-0

[Event "44th Chess Olympiad Open 2022"]
[Site "Chennai"]
[Date "2022.07.31"]
[Round "3.58"]
[White "Steil-Antoni, Fiona"]
[Black "Al-Burshaid, Ebrahim"]
[Result "1-0"]
[WhiteElo "2218"]
[BlackElo "1702"]
[Annotator "RC"]
[PlyCount "65"]
[EventDate "2022.??.??"]
[TimeControl "60"]

1. e4 e5 2. d4 exd4 3. Qxd4 Nc6 4. Qe3 Nf6 5. Nc3 Bb4 6.
Bd2 d6 7. O-O-O O-O 8. Qg3 Re8 9. f3 Be6 10. h4 Nh5 11. Qh2 Ne5 12. g4 Nf6 13. h5 Bc4 14. Bh3 c6 15. g5 Nfd7 16. f4 Qa5 17. fxe5 Nxe5 18. Nb1 Bxd2+ 19. Qxd2 Qxa2 20. Qxd6 Qa1 21. b3 Bxb3 22. cxb3 Qa2 23. g6 Qxb3 24. gxf7+ Nxf7 25. Qd3 Qa4 26. Qd4 Qa2 27. Rd2 Qb3 28. Bd7 Re5 29. Rh3 Qb5 30. Ne2 Rd8 31. h6 g6 32. Rf3 Re7 33.
Qg7# 1-0

[Event "44th Chess Olympiad Open 2022"]
[Site "Chennai"]
[Date "2022.07.31"]
[Round "3.58"]
[White "Ayyad, Husain"]
[Black "Berend, Elvira"]
[Result "1/2-1/2"]
[WhiteElo "2209"]
[BlackElo "2333"]
[Annotator "RC"]
[PlyCount "124"]
[EventDate "2022.??.??"]
[TimeControl "60"]

1. e4 e5 2. Nf3 Nc6 3. d4 exd4 4. Bc4 Nf6 5. e5 d5 6. Bb5 Nd7 7. O-O Be7 8. Bxc6 bxc6 9. Nxd4 Nb8 10. e6 fxe6 11. Re1 O-O 12. Nxe6 Bxe6 13. Rxe6 Bd6 14. Nd2 Nd7 15. Qh5 Nf6 16. Qh3 Qc8 17. Nf3 Re8 18. Rxe8+ Qxe8 19. Be3 Qg6 20. Qe6+ Qf7 21. Qxf7+ Kxf7 22. Ng5+ Kg6 23. h3 c5 24. Bd2 Re8 25. Kf1 h6 26. Nf3 Ne4 27. Rd1 c6 28. g4 Bc7 29. Nh4+ Kf6 30. Be1 Ng5 31. Rd3 c4 32. Ra3 Bb6 33. f4 Ne4 34. Nf3 Ke6 35. f5+ Kf7 36. Nd2 h5 37. Nf3 hxg4 38. hxg4 g6 39. Bc3 gxf5 40. Ne5+ Ke6 41. gxf5+ Kxf5 42. Nxc6 Ng3+ 43. Kg2 Ne2 44. Ba5 Bc5 45. Bb4 Nf4+ 46. Kf3 Bxb4 47. Nxb4 Rh8 48. Rxa7 Rh3+ 49. Kf2 d4 50. Rf7+ Kg4 51. Rg7+ Kf5 52. a4 d3 53. Rf7+ Kg4 54. cxd3 Rf3+ 55. Ke1 Ng2+ 56. Kd2 Rxf7 57. dxc4 Rf2+ 58. Kc3 Rf3+ 59. Kd4 Rb3 60. Nd3 Nf4 61. Nxf4 Kxf4 62. c5 Rxb2 1/2-1/2

[Event "44th Chess Olympiad Open 2022"]
[Site "Chennai"]
[Date "2022.07.31"]
[Round "3.58"]
[White "Shaker, Musab"]
[Black "Gengler, Pierre"]
[Result "0-1"]
[WhiteElo "1705"]
[BlackElo "2194"]
[Annotator "RC"]
[PlyCount "65"]
[EventDate "2022.??.??"]
[TimeControl "60"]

1. d4 g6 2. Nf3 Bg7 3. Bf4 d6 4. e3 Nd7 5. Be2 e5 6. Bg3 Nh6 7. h3 O-O 8. O-O b6 9. c4 Nf5 10. Bh2 Bb7 11. Nc3 Qe7 12. Re1 a6 13.
Nd5 Bxd5 14. cxd5 exd4 15. exd4 Qf6 16. Rc1 Rfc8 17. Bf1 Nxd4 18. Nxd4 Qxd4 19. Qxd4 Bxd4 20. Re7 Nc5 21. b4 Bf6 22. Re3 Na4 23. Be2 Bg5 24. f4 Bf6 25. Re4 Nc3 26. Re3 Bd4 27. Rcxc3 Re8 28. Kf2 Rxe3 29. Rxe3 Re8 30. Bxa6 Rxe3 31. Kf1 Rc3 32. Ke1 Rc2 33. f5 0-1

[Event "44th Chess Olympiad Open 2022"]
[Site "Chennai"]
[Date "2022.07.31"]
[Round "3.59"]
[White "Tran, Thanh Tu"]
[Black "Al Mutairi, Abdullah F"]
[Result "1-0"]
[WhiteElo "2375"]
[BlackElo "1916"]
[Annotator "RC"]
[PlyCount "105"]
[EventDate "2022.??.??"]
[TimeControl "60"]

1. d4 Nf6 2. Nf3 d5 3. c3 c6 4. Qc2 e6 5. Bf4 c5 6. e3 Nc6 7. Nbd2 cxd4 8. exd4 Bd6 9. Bg3 Qc7 10. Bd3 Bd7 11. O-O Bxg3 12. fxg3 O-O-O 13. b4 Kb8 14. Nb3 Ng4 15. Rae1 h5 16. Ng5 Be8 17. b5 Na5 18. Nxa5 Qxa5 19. Nxf7 Bxf7 20. Rxf7 e5 21. h3 Nh6 22. Rxg7 e4 23. Bf1 Nf5 24. Rg5 Nxd4 25. Qd2 Nxb5 26. Rxd5 Qb6+ 27. Kh2 Nd6 28. Rd1 Nf7 29. Qf4+ Qc7 30. Qxe4 h4 31. Qf4 hxg3+ 32. Qxg3 Qxg3+ 33. Kxg3 Rde8 34. Rf5 Nd8 35. Bc4 a6 36. Bd5 Rh7 37. Rdf1 Kc7 38. c4 Re2 39. R1f2 Rg7+ 40. Kf3 Re1 41. g4 Kd6 42. Kg3 b6 43. h4 Rg1+ 44. Rg2 Rc1 45. h5 b5 46. h6 Rh7 47. g5 bxc4 48. Bg8 Rh8 49. h7 c3 50. g6 c2 51. g7 Rh1 52. Rd5+ Ke7 53.
Re2+ 1-0